 Dungeon Crawl Stone Soup version 0.28.0 (webtiles) character file.

Game seed: 4856724911044396751

19 ProzacElf the Magician (level 2, -1/20 HPs)
             Began as a Palentonga Hedge Wizard on Feb 13, 2022.
             Slain by a hobgoblin (2 damage)
             ... on level 1 of the Dungeon.
             The game lasted 00:02:05 (762 turns).

ProzacElf the Magician (Palentonga Hedge Wizard)     Turns: 762, Time: 00:02:06

Health: -1/20      AC:  5    Str: 13    XL:     2   Next: 55%
Magic:  4/6        EV:  9    Int: 14    God:
Gold:   11         SH:  0    Dex:  9    Spells: 6/7 levels left

rFire   . . .      SeeInvis +   a - +0 short sword
rCold   . . .      Faith    .   (no shield)
rNeg    . . .      Spirit   .   b - +0 robe
rPois   .          Reflect  .   k - +0 helmet
rElec   .          Harm     .   (no cloak)
rCorr   .          Rampage  .   (no gloves)
Will    .....                   (no barding)
Stlth   +.........              (no amulet)
HPRegen 0.06/turn               d - ring of flight
MPRegen 0.10/turn               (no ring)

@: flying
A: large, rugged brown scales 3, see invisible, deformed body, roll 1, armoured
tail
a: Rolling Charge


You were on level 1 of the Dungeon.
You visited 1 branch of the dungeon, and saw 1 of its levels.

You collected 11 gold pieces.

Inventory:

Hand Weapons
 a - a +0 short sword (weapon)
 e - a +0 dagger
 h - a +0 hunting sling
Missiles
 i - 19 bolts
 n - 18 stones
Armour
 b - a +0 robe (worn)
 c - a +0 hat
 j - an orb of guile
 k - a +0 helmet (worn)
Jewellery
 d - a ring of flight (left hand)
Scrolls
 f - 3 scrolls of identify {unknown}
 g - a scroll of enchant armour {unknown}
 o - a scroll of enchant weapon {unknown}
Potions
 l - 2 potions of degeneration {unknown}
 m - a potion of curing {unknown}


   Skills:
 - Level 1.5 Dodging
 - Level 1.2 Stealth
 - Level 3.0 Spellcasting
 + Level 1.5 Conjurations
 + Level 1.3 Summonings
 + Level 1.6 Translocations


You had 6 spell levels left.
You knew the following spells:

 Your Spells              Type           Power      Damage    Failure   Level
a - Magic Dart            Conj           24%        1d4       12%         1

Your spell library contained the following spells:

 Spells                   Type           Power      Damage    Failure   Level
 Blink                    Tloc           12%        N/A       16%         2
 Searing Ray              Conj           12%        2d4       17%         2
 Call Imp                 Summ           5%         N/A       19%         2
 Slow                     Hex            8%         N/A       22%         1
 Conjure Flame            Conj/Fire      4%         6-21      43%         3
 Mephitic Cloud           Conj/Pois/Air  3%         N/A       45%         3
 Fulminant Prism          Conj/Hex       2%         3d6       83%         4


Dungeon Overview and Level Annotations

Branches:
Dungeon (1/15)

Altars:

Shops:
D:1 ?


Innate Abilities, Weirdness & Mutations

You are completely covered in rugged brown scales. (AC +3, +7% HP)
You have supernaturally acute eyesight. (SInv)
Armour fits poorly on your strangely shaped body.
You can roll at nearby foes to attack.
You have a long armoured tail.


Message History

Ye hit tha hobgoblin.
Tha hobgoblin be severely wounded.
Tha hobgoblin hits ye.
Ye take 2 damage, an' haf 14/20 hp.
Ye barely miss tha hobgoblin.
Tha hobgoblin be severely wounded.
Tha hobgoblin hits ye.
Ye take 4 damage, an' haf 10/20 hp.
Ye be too injured ta fight recklessly!
Ye be too injured ta fight recklessly!
Ye barely miss tha hobgoblin.
Tha hobgoblin be severely wounded.
Tha hobgoblin hits ye.
* * * LOW HITPOINT WARNIN'
* * * Ye take 4 damage, an' haf 6/20 hp.
Ye hit tha hobgoblin.
Tha hobgoblin be almost dead.
Tha hobgoblin hits ye.
* * * LOW HITPOINT WARNIN'
* * * Tha hobgoblin closely misses ye.
Ye take 4 damage, an' haf 2/20 hp.
Castin': Magic Dart (safe; 12% risk o' failure) Confirm wit' . or Enter, or press ? or * ta list all spells.
Aimin': Magic Dart (safe; 12% risk o' failure)
Press: ? - help, Shift-Dir - straight line, f - hobgoblin
Aim: a hobgoblin (almost dead, 100% ta hit) Tha magic dart hits tha hobgoblin but does nay damage.
Tha hobgoblin be almost dead.
Tha hobgoblin hits ye.
* * * LOW HITPOINT WARNIN'
* * * Ye take 1 damage, an' haf 1/20 hp.
Ye now haf 5/6 mp.
Castin': Magic Dart (safe; 12% risk o' failure) Confirm wit' . or Enter, or press ? or * ta list all spells.
Aimin': Magic Dart (safe; 12% risk o' failure)
Press: ? - help, Shift-Dir - straight line, f/p - hobgoblin
Aim: a hobgoblin (almost dead, 100% ta hit) Tha magic dart hits tha hobgoblin but does nay damage.
Tha hobgoblin be almost dead.
Tha hobgoblin hits ye.
Ye die...

#......>#.####.....#....
#.##.####..##...........
##....# ##.#....∩.......
#...#######.#............
######...##.#............
#...##.#..[.........
#...##.#............
#..g##.#............
#..@................
#....###.#.....#....
#....# #.....####..#
#....####..#####(.##
#.....###...###..##
#####..##.#...#.##
##.##.###...#
#..#.###..## ##.#.##....#


You could see a hobgoblin.

Vanquished Creatures
  2 ball pythons (D:1)
  2 bats (D:1)
  2 endoplasms (D:1)
  2 goblins (D:1)
  3 hobgoblins (D:1)
  2 jackals (D:1)
  A frilled lizard (D:1)
  2 kobolds (D:1)
16 creatures vanquished.

Vanquished Creatures (others)
  A plant (D:1)
1 creature vanquished.

Grand Total: 17 creatures vanquished

Notes
Turn   | Place    | Note
-------+----------+-------------------------------------------
     0 | D:1      | ProzacElf the Palentonga Hedge Wizard began the quest for
                  | the Orb.
     0 | D:1      | Reached XP level 1. HP: 13/13 MP: 4/4
    27 | D:1      | Reached skill level 1 in Conjurations
   119 | D:1      | Reached skill level 1 in Summonings
   169 | D:1      | Reached XP level 2. HP: 20/20 MP: 1/6
   595 | D:1      | Found Mexumosh's Magic Scroll Shop.
   761 | D:1      | HP: 1/20 [hobgoblin (1)]
   762 | D:1      | Slain by a hobgoblin

Illustrated notes

Levels and vault maps discovered:
D:1:      dpeg_arrival_radiant, layout_rooms, serial_shops, shop,
          serial_bayou_lagoon_b

Skill      XL: |  1 |
---------------+----+-----
Conjurations   | 1 |  1.5
Summonings     | 1 |  1.3
Dodging        | |  1.5
Stealth        | |  1.2
Spellcasting   | |  3.0
Translocations | |  1.6

Action                   || total
-------------------------++-------
Melee: Dagger            ||    11
       Short sword       ||    30
       Tailslap          ||     4
 Cast: Magic Dart        ||    15
Armor: Robe              ||    16
Dodge: Dodged            ||    26
